 Dungeon Crawl Stone Soup version 0.28.0-47-ge53b351184 (webtiles) character file.

Game seed: 14694177353417333944

1012 safid the Cleaver (level 8, -1/99 HPs)
             Began as a Hill Orc Fighter on Apr 26, 2022.
             Slain by a gnoll sergeant
             ... wielding a +4 spear of venom
              (3 damage)
             ... on level 5 of the Dungeon.
             The game lasted 00:09:10 (5911 turns).

safid the Cleaver (Hill Orc Fighter)                Turns: 5911, Time: 00:09:11

Health: -1/99      AC: 24    Str: 21    XL:     8   Next: 21%
Magic:  8/8        EV:  2    Int:  8    God:
Gold:   202        SH:  4    Dex: 10    Spells: 7/7 levels left

rFire   . . .      SeeInvis .   a - +0 war axe
rCold   . . .      Faith    .   c - +0 buckler
rNeg    . . .      Spirit   .   (armour currently unavailable)
rPois   +          Reflect  .   (helmet currently unavailable)
rElec   .          Harm     .   (cloak currently unavailable)
rCorr   .          Rampage  .   (gloves currently unavailable)
Will    .....      NoTele   +   (boots currently unavailable)
Stlth   +.........              (no amulet)
HPRegen 0.26/turn               (no ring)
MPRegen 0.11/turn               (no ring)

@: lethally poisoned (-1 -> -11), tree-form
A: stationary, stasis, torment immunity, boosted hp
a: no special abilities


You were on level 5 of the Dungeon.
You were a tree.
You visited 1 branch of the dungeon, and saw 7 of its levels.

You collected 202 gold pieces.

Inventory:

Hand Weapons
 a - a +0 war axe (weapon)
Missiles
 h - 5 silver javelins (quivered)
 n - a throwing net
Armour
 b - a +0 scale mail (melded)
 c - a +0 buckler (worn)
 g - a +0 pair of gloves (melded)
Jewellery
 f - an amulet of faith
Scrolls
 e - a scroll of torment {unknown}
 j - a scroll of brand weapon
 k - a scroll of teleportation {unknown}
 l - 3 scrolls of fear {unknown}
 m - a scroll of magic mapping {unknown}
 p - a scroll of identify
Potions
 d - a potion of brilliance {unknown}
 i - a potion of flight
 q - a potion of curing {unknown}


   Skills:
 - Level 4.0 Fighting
 + Level 11.6 Axes
 - Level 4.0 Armour
 - Level 4.0 Shields


You had 7 spell levels left.
You didn't know any spells.
Your spell library contained the following spells:

 Spells                   Type           Power      Damage    Failure   Level
 Gell's Gravitas          Tloc           0%         N/A       86%         3
 Teleport Other           Tloc           0%         N/A       86%         3
 Iskenderun's Battlesphe  Conj           0%         2d6       100%        5
 Dispersal                Tloc           0%         N/A       100%        6
 Iron Shot                Conj/Erth      0%         9d1       100%        6
 Spellforged Servitor     Conj/Summ      0%         N/A       100%        7


Dungeon Overview and Level Annotations

Branches:
Dungeon (7/15)
 Temple: D:4-7

Altars:
Dithmenos
Fedhas
Wu Jian

Shops:
D:5 *

Annotations:
D:4 1 runed translucent door, Rudyous's ghost, amateur DrBe


Message History

The gnoll sergeant is lightly wounded.
You closely miss the gnoll.
You feel very sick. You block the gnoll sergeant's attack.
The gnoll hits you but does no damage.
Unknown command.
You slash the gnoll sergeant!
The gnoll sergeant is moderately wounded.
You barely miss the gnoll. x2; You feel sick.
The gnoll sergeant hits you with a +4 spear of venom!
* * * LOW HITPOINT WARNING * * *
The gnoll barely misses you. The gnoll hits you with a +0 whip.
* * * LOW HITPOINT WARNING * * *
Found a hand axe.
You feel sick.
The gnoll sergeant completely misses you.
Unknown command.
Really quaff the potion of lignification?
You turn into a tree.
Your +0 pair of gloves melds into your body.
Your +0 scale mail melds into your body.
Your roots penetrate the ground.
You feel sick.
The gnoll sergeant hits you from afar with a +4 spear of venom.
* * * LOW HITPOINT WARNING * * *
The gnoll hits you but does no damage.
You slash the gnoll!
The gnoll is severely wounded.
You feel sick. You block the gnoll sergeant's attack.
The gnoll barely misses you.
Unknown command.
You slice the gnoll!!
You kill the gnoll!
You feel sick.
The gnoll sergeant hits you from afar with a +4 spear of venom!
* * * LOW HITPOINT WARNING * * *
You are lethally poisoned!
Unknown command.
You hit the gnoll but do no damage. You barely miss the gnoll.
* * * LOW HITPOINT WARNING * * *
You feel very sick.
The gnoll sergeant hits you from afar with a +4 spear of venom.
You die...

###.##.#.#
.###.##.#.# # ###
........#.#####.###
#..
.###...8.<.∩.8....#
#(#
#.##.#.##.#gg#.#
#.# ... #.#.##.# #
#.# ###..#.#....#
#.#
.....#g##)##.#.#
##.#
.......♣g......#
#..#
......###g##.###
###..# ....). #...
.. #....# ....
####.### #..... )..
# #.##.#.## ##
#........
###.####.##
.......>...
....####...


You could see a gnoll sergeant and 2 gnolls.

Vanquished Creatures
  Eustachio (D:4)
  Menkaure (D:6)
  An ogre (D:4)
  A bullfrog (D:7)
  A wyvern zombie (D:6)
  A scorpion (D:4)
  A centaur zombie (D:6)
  4 hounds
  2 jellies (D:4)
  A centaur skeleton (D:4)
  An iguana (D:4)
  2 orc wizards (D:4)
  2 gnolls (D:5)
  5 adders
  An adder skeleton (D:4)
  4 worms
  4 dart slugs
  3 orcs (D:4)
  9 ball pythons
  11 endoplasms
  7 giant cockroaches
  6 goblins
  5 hobgoblins
  4 quokkas
  2 bats
  3 frilled lizards
  6 kobolds
  4 rats
93 creatures vanquished.

Notes
Turn   | Place    | Note
-------+----------+-------------------------------------------
     0 | D:1      | safid the Hill Orc Fighter began the quest for the Orb.
     0 | D:1      | Reached XP level 1. HP: 19/19 MP: 1/1
    27 | D:1      | Reached skill level 3 in Axes
    27 | D:1      | Reached XP level 2. HP: 16/27 MP: 2/2
   833 | D:1      | Reached XP level 3. HP: 33/33 MP: 3/3
  1289 | D:2      | Found a faded altar of an unknown god.
  1566 | D:2      | Reached XP level 4. HP: 26/40 MP: 4/4
  1759 | D:2      | Reached skill level 4 in Axes
  2311 | D:3      | Found an ornate altar of the Wu Jian Council.
  2400 | D:3      | You fall into a shaft and drop 3 floors!
  2434 | D:7      | Reached skill level 5 in Axes
  2434 | D:7      | Reached XP level 5. HP: 20/46 MP: 5/5
  2592 | D:7      | Reached skill level 6 in Axes
  2691 | D:7      | Found a blossoming altar of Fedhas.
  2691 | D:7      | Noticed an orc warrior
  2703 | D:7      | Found a shadowy altar of Dithmenos.
  2773 | D:6      | Reached skill level 7 in Axes
  2773 | D:6      | Reached XP level 6. HP: 27/52 MP: 6/6
  2991 | D:6      | Noticed Menkaure
  2999 | D:6      | Killed Menkaure
  3000 | D:6      | Reached skill level 8 in Axes
  3231 | D:5      | Entered Level 5 of the Dungeon
  3304 | D:4      | Reached XP level 7. HP: 39/59 MP: 7/7
  3333 | D:4      | Reached skill level 9 in Axes
  4606 | D:4      | Noticed Eustachio
  4648 | D:4      | Killed Eustachio
  4649 | D:4      | Reached skill level 10 in Axes
  4889 | D:4      | Found a runed translucent door.
  5013 | D:4      | Reached XP level 8. HP: 38/66 MP: 8/8
  5202 | D:4      | Reached skill level 11 in Axes
  5849 | D:4      | Noticed Rudyous's ghost (amateur DrBe)
  5890 | D:5      | Found Enowium's Assorted Antiques.
  5911 | D:5      | HP: 2/99 [poisoned by a gnoll sergeant]
  5911 | D:5      | Slain by a gnoll sergeant

Illustrated notes

Levels and vault maps discovered:
D:1:      saegor_arrival_simple_b, layout_basic, minmay_crystal_room,
          minmay_shallow_snake_nest
D:2:      layout_basic, ebering_ecumenical_altar_hall, minmay_mini_jars
D:3:      layout_basic, mainiacjoe_overflow_chevrons
D:4:      wad_river_or_something, layout_basic, ebering_ghost_reflecting_pool,
          uniq_eustachio
D:5:      layout_basic, serial_shops, shop_statue
D:6:      layout_gridville, item_on_display_b, uniq_menkaure
D:7:      layout_loops_corners, mainiacjoe_overflow_alcove_2,
          grunt_dithmenos_smoke_and_mirrors, minmay_temple_entry_arrows,
          serial_shops, shop

Skill      XL: |  1  2  3  4  5  6  7  8 |
---------------+-------------------------+-----
Axes           | 3 5 7 8 10 11 | 11.6
Fighting       | 4 |  4.0
Armour         | 4 |  4.0
Shields        | 4 |  4.0

Action                   |  1- 3 |  4- 6 |  7- 9 || total
-------------------------+-------+-------+-------++-------
Melee: War axe           |   104 |    88 |   142 ||   334
Throw: Javelin           |       |       |     2 ||     2
  Use: Scroll            |       |     3 |       ||     3
       Potion            |       |     1 |     1 ||     2
Armor: Scale mail        |    52 |    65 |    65 ||   182
       Skin              |       |       |     1 ||     1
Dodge: Dodged            |    50 |    60 |    50 ||   160
Block: Buckler           |    23 |    25 |    20 ||    68
